 Dungeon Crawl Stone Soup version 0.23-a0-899-gbbae0a3 (webtiles) character file.

Game seed: 2510039048167591645

14260 ohad the Severer (level 12, -2/106 HPs)
             Began as a Hill Orc Gladiator on Jan 29, 2019.
             Was a Priest of Makhleb.
             Hit by a large rock thrown by a cyclops (31 damage)
             ... on level 11 of the Dungeon.
             The game lasted 00:29:51 (12092 turns).

ohad the Severer (Hill Orc Gladiator)              Turns: 12092, Time: 00:29:52

Health: -2/106     AC: 15    Str: 18    XL:     12   Next: 14%
Magic:  12/12      EV: 14    Int:  8    God:    Makhleb [***...]
Gold:   142        SH:  0    Dex: 16    Spells: 11/11 levels left

rFire    . . .     SeeInvis .   c - +3 war axe
rCold    + + +     Gourm    +   (no shield)
rNeg     . . .     Faith    .   M - +0 ice dragon scales
rPois    .         Spirit   .   V - +1 hat
rElec    +         Reflect  .   (no cloak)
rCorr    .         Harm     .   D - +0 pair of gloves
MR       .....                  (no boots)
Stlth    ..........             I - amulet of Zeikuuji {Gourm Fragile +Fly rElec rC++}
HPRegen  0.27/turn              A - ring of protection from cold
MPRegen  0.13/turn              H - ring of protection from fire

@: no status effects
A: no striking features
a: Minor Destruction, Lesser Servant of Makhleb, Renounce Religion, Evoke Flight


You were on level 11 of the Dungeon.
You worshipped Makhleb.
Makhleb was most pleased with you.
You were completely stuffed.

You visited 2 branches of the dungeon, and saw 12 of its levels.

You collected 519 gold pieces.
You spent 377 gold pieces at shops.

Inventory:

Hand Weapons
 a - a +0 war axe
 c - a +3 war axe (weapon)
 k - a +2 arbalest of freezing
 t - a +2 hand axe of freezing
 z - a +0 blowgun
 B - a +0 battleaxe
 L - a +1 flail
 Z - a +0 arbalest
Missiles
 d - 4 throwing nets (quivered)
 j - 208 bolts
 y - 72 poisoned needles
 G - 3 curare-tipped needles
 Y - an exploding tomahawk
Armour
 b - a +0 leather armour
 o - a +0 plate armour
 r - a +0 scale mail
 x - a +0 chain mail
 D - a +0 pair of gloves (worn)
 M - +0 ice dragon scales (worn)
 O - the +1 chain mail "Viafret" {*Drain rPois rF+ SInv}
   (You found it on level 8 of the Dungeon)

   It protects you from fire.
   It protects you from poison.
   It lets you see invisible.
   It causes draining when unequipped.
 Q - a +0 scale mail of fire resistance
 V - a +1 hat (worn)
Jewellery
 A - a ring of protection from cold (left hand)
 E - an uncursed ring of positive energy
 H - a ring of protection from fire (right hand)
 I - the amulet of Zeikuuji (around neck) {Gourm Fragile +Fly rElec rC++}
   (You found it on level 6 of the Dungeon)

   [amulet of the gourmand]

   It allows you to eat raw meat even when not hungry.
   It greatly protects you from cold.
   It insulates you from electricity.
   It lets you fly.
   It will be destroyed if unequipped.
 S - an uncursed ring of fire
 X - an uncursed amulet of the gourmand {unknown}
Wands
 F - a wand of acid (30)
 W - a wand of flame (26)
Scrolls
 e - 7 scrolls of remove curse
 i - 2 scrolls of enchant armour
 m - 2 scrolls of identify
 n - a scroll of fear
 p - 2 scrolls of magic mapping
 q - 3 scrolls of teleportation
 C - 4 scrolls of blinking
 K - 3 scrolls of fog
 T - 2 scrolls of vulnerability {unknown}
Potions
 g - 3 potions of lignification
 h - 2 potions of might
 l - 3 potions of resistance
 s - 3 potions of haste
 u - 3 potions of mutation
 v - 2 potions of curing
 w - 2 potions of cancellation
 J - a potion of brilliance
 N - a potion of flight {unknown}
 P - a potion of agility
 R - a potion of ambrosia {unknown}
 U - 2 potions of berserk rage {unknown}
Comestibles
 f - 20 rations


   Skills:
 - Level 9.7 Fighting
 - Level 17.0 Axes
 - Level 1.7 Throwing
 - Level 9.5 Armour
 + Level 8.0 Dodging


You had 11 spell levels left.
You didn't know any spells.
Your spell library contained the following spells:

 Spells                   Type           Power        Failure   Level  Hunger
 Animate Skeleton         Necr           N/A          80%         1    ##.....
 Apportation              Tloc           #.....       80%         1    ##.....
 Confusing Touch          Hex            #.....       80%         1    ##.....
 Magic Dart               Conj           #...         80%         1    ##.....
 Sting                    Conj/Pois      #...         80%         1    ##.....
 Summon Small Mammal      Summ           #...         80%         1    ##.....
 Blink                    Tloc           N/A          91%         2    ###....
 Call Imp                 Summ           #.......     91%         2    ###....
 Poisonous Vapours        Pois/Air       #.....       91%         2    ###....
 Slow                     Hex            #.......     91%         2    ###....
 Conjure Flame            Conj/Fire      #.......     99%         3    ####...
 Mephitic Cloud           Conj/Pois/Air  #.......     99%         3    ####...
 Olgreb's Toxic Radiance  Pois           #.......     100%        4    #####..
 Irradiate                Conj/Tmut      #.........   100%        5    ######.
 Venom Bolt               Conj/Pois      #.........   100%        5    ######.
 Hydra Form               Tmut           #.........   100%        6    #######
 Statue Form              Tmut/Erth      #........    100%        6    #######
 Dragon Form              Tmut           #.........   100%        7    #######


Dungeon Overview and Level Annotations

Branches:
Dungeon (11/15)            Temple (1/1) D:6            Lair (0/6) D:10
    Orc: D:9-12

Altars:
Ashenzari
Cheibriados
Dithmenos
Elyvilon
Fedhas
Gozag
Hepliaklqana
Kikubaaqudgha
Makhleb
Nemelex Xobeh
Okawaru
Qazlal
Ru
Sif Muna
Trog
Uskayaw
Vehumet
Wu Jian
Xom
Yredelemnul
Zin
The Shining One

Shops:
D:9 !

Annotations:
D:4 1 runed translucent door
D:9 3 runed translucent doors


Message History

Your surroundings suddenly seem different.
A shadow imp comes into view.
The shadow imp shouts!
The shadow imp gestures at you. Pain shoots through your body!
The shadow imp barely misses you.
You are too injured to fight recklessly!
You hit the shadow imp.
The shadow imp is lightly wounded.
You slash the shadow imp!
You kill the shadow imp!
Makhleb accepts your kill.
A cyclops comes into view.
The cyclops throws a large rock.
The large rock hits you!
* * * LOW HITPOINT WARNING * * *
You see here a large rock.
A centaur warrior comes into view.
It is wielding the +4 dire flail of Infection {crush, *Slow rF+ Dex+3 SInv}.
The cyclops throws a large rock.
The large rock misses you.
The cyclops throws a large rock.
The large rock hits you!!
You die...

#.........##
........ ..#..
#...C.c....#
...##O# #..
#..........##
..?. Y ....
#...........#
..#.. #....
#...........##
#H..
#............#
..)
#.......(....##
#.............#
#..#######@(..##
#.รท# #.....#
#..# #.....##
#..# ##......#
#..# #.......##
#..# #........#
#..# #........##
#..# #.........#
#..#
#.........##


You could see a centaur warrior (wandering) and a cyclops.

Vanquished Creatures
  Gastronok (D:9)
  A two-headed ogre (D:11)
  An unseen horror (D:11)
  A manticore (D:11)
  A centaur zombie (D:11)
  Psyche (D:9)
  4 yaktaurs (D:11)
  A komodo dragon (D:11)
  A centaur skeleton (D:11)
  3 trolls
  4 hippogriffs (D:10)
  A spriggan (D:8)
  2 wraiths (D:11)
  9 yaks
  A hungry ghost (D:10)
  The ghost of George the Slasher, an amateur DsFi (D:4)
  2 steam dragons (D:7)
  Menkaure (D:6)
  2 wargs (D:10)
  A water moccasin (D:9)
  2 sky beasts
  5 orc warriors
  A black bear (D:7)
  3 ice beasts
  2 necrophages (D:9)
  2 ogres (D:8)
  2 phantoms (D:5)
  3 centaurs
  A crocodile (D:8)
  3 big kobolds
  A gnoll sergeant (D:10)
  4 bullfrogs
  4 scorpions
  8 wights
  A howler monkey (D:5)
  7 hounds
  A quasit (D:10)
  4 crimson imps
  A bullfrog zombie (D:5)
  3 jellies
  5 orc priests
  6 orc wizards
  2 bullfrog skeletons
  Jessica (D:2)
  An iguana (D:8)
  8 worker ants
  Terence (D:2)
  3 hound skeletons
  A howler monkey zombie (D:10)
  12 gnolls
  7 adders
  5 shadow imps
  An ooze (D:1)
  An adder zombie (D:5)
  An adder skeleton (D:4)
  5 worms
  3 dart slugs
  5 leopard geckos
  32 orcs
  A ball python (D:4)
  8 giant cockroaches
  9 goblins
  4 hobgoblins
  8 jackals
  17 kobolds
  6 quokkas
  3 bats
  5 frilled lizards
  A jackal skeleton (D:7)
  A leopard gecko skeleton (D:6)
  A quokka skeleton (D:4)
  2 quokka zombies
  7 rats
270 creatures vanquished.

Notes
Turn   | Place    | Note
-------+----------+-------------------------------------------
     0 | D:1      | ohad the Hill Orc Gladiator began the quest for the Orb.
     0 | D:1      | Reached XP level 1. HP: 18/18 MP: 1/1
    56 | D:1      | Reached XP level 2. HP: 20/25 MP: 2/2
   133 | D:1      | Reached skill level 5 in Axes
   555 | D:1      | Reached XP level 3. HP: 27/30 MP: 3/3
   920 | D:2      | Noticed Jessica
   930 | D:2      | Killed Jessica
   930 | D:2      | Reached skill level 6 in Axes
   930 | D:2      | Reached XP level 4. HP: 28/37 MP: 4/4
  1119 | D:2      | Noticed Terence
  1131 | D:2      | Killed Terence
  1482 | D:2      | Reached skill level 7 in Axes
  2067 | D:3      | Reached XP level 5. HP: 38/42 MP: 5/5
  2644 | D:4      | Reached skill level 8 in Axes
  2689 | D:4      | Noticed a phantom
  2914 | D:4      | Found an opulent altar of Gozag.
  3269 | D:4      | Found a runed translucent door.
  3270 | D:4      | Noticed George's ghost (amateur DsFi)
  3292 | D:4      | Found a runed translucent door.
  3314 | D:4      | Reached XP level 6. HP: 49/50 MP: 6/6
  3389 | D:4      | Reached skill level 9 in Axes
  3995 | D:4      | Reached skill level 14 in Axes
  3995 | D:4      | Reached XP level 7. HP: 56/56 MP: 7/7
  4047 | D:4      | Killed George's ghost
  4047 | D:4      | Reached XP level 8. HP: 32/62 MP: 8/8
  4234 | D:5      | Entered Level 5 of the Dungeon
  4571 | D:5      | Found a sacrificial altar of Ru.
  5608 | D:6      | Got a crude amethyst amulet
  5609 | D:6      | Identified the amulet of Zeikuuji {Gourm Fragile +Fly rElec
                  | rC++} (You found it on level 6 of the Dungeon)
  5653 | D:6      | Reached XP level 9. HP: 67/70 MP: 9/9
  5756 | D:6      | Found a staircase to the Ecumenical Temple.
  5818 | Temple   | Entered the Ecumenical Temple
  5957 | D:6      | Noticed Menkaure
  5970 | D:6      | Killed Menkaure
  6239 | D:7      | Found a blossoming altar of Fedhas.
  6352 | D:7      | Reached skill level 5 in Fighting
  6679 | D:7      | Found a burning altar of Makhleb.
  6679 | D:7      | Noticed an Executioner
  6680 | D:7      | Found a glowing silver altar of Zin.
  6680 | D:7      | Noticed an angel
  6683 | D:7      | Became a worshipper of Makhleb the Destroyer
  6992 | D:7      | Reached XP level 10. HP: 84/84 MP: 10/10
  7542 | D:8      | Got a pitted chain mail
  7553 | D:8      | Identified the cursed +1 chain mail "Viafret" {*Drain rPois
                  | rF+ SInv} (You found it on level 8 of the Dungeon)
  7851 | D:9      | Noticed Psyche
  7861 | D:9      | Paralysed by Psyche for 5 turns
  7879 | D:9      | Killed Psyche
  7879 | D:9      | Reached skill level 5 in Dodging
  8317 | D:9      | Reached * piety under Makhleb
  8421 | D:9      | Found a radiant altar of Vehumet.
  8440 | D:9      | Found a faded altar of an unknown god.
  8440 | D:9      | Found a basalt altar of Yredelemnul.
  8445 | D:9      | Found a faded altar of an unknown god.
  8447 | D:9      | Found a snail-covered altar of Cheibriados.
  8449 | D:9      | Found a shadowy altar of Dithmenos.
  8717 | D:9      | Noticed Gastronok
  9000 | D:9      | Found Xajixuydgh's Distillery.
  9007 | D:9      | Bought 2 potions of agility for 104 gold pieces
  9007 | D:9      | Bought 2 potions of might for 104 gold pieces
  9007 | D:9      | Bought a potion of might for 52 gold pieces
  9007 | D:9      | Bought a potion of agility for 52 gold pieces
  9007 | D:9      | Bought a potion of heal wounds for 65 gold pieces
  9205 | D:9      | Killed Gastronok
  9205 | D:9      | Reached skill level 15 in Axes
  9205 | D:9      | Reached XP level 11. HP: 69/95 MP: 11/11
  9411 | D:9      | Noticed a purple ugly thing
  9412 | D:9      | Found a runed translucent gate.
  9412 | D:9      | Noticed a glowing orange brain
  9412 | D:9      | Noticed a white ugly thing
  9413 | D:9      | Found a runed translucent gate.
  9413 | D:9      | Noticed a red ugly thing
  9413 | D:9      | Noticed a white very ugly thing
  9414 | D:9      | Found a runed translucent gate.
  9414 | D:9      | Noticed a red ugly thing
  9414 | D:9      | Noticed a red ugly thing
  9452 | D:10     | Entered Level 10 of the Dungeon
  9474 | D:10     | Reached skill level 16 in Axes
  9815 | D:10     | Reached ** piety under Makhleb
 10177 | D:10     | Found a staircase to the Lair.
 10838 | D:11     | Reached skill level 17 in Axes
 11057 | D:11     | Noticed a two-headed ogre
 11063 | D:11     | Killed an unseen horror
 11072 | D:11     | Noticed a red ugly thing
 11081 | D:11     | Noticed a two-headed ogre
 11178 | D:11     | Noticed a manticore
 11685 | D:11     | Killed a manticore
 11698 | D:11     | Noticed a two-headed ogre
 11711 | D:11     | Killed a two-headed ogre
 11711 | D:11     | Reached XP level 12. HP: 94/106 MP: 12/12
 12004 | D:11     | Reached *** piety under Makhleb
 12068 | D:11     | Noticed an eight-headed hydra
 12091 | D:11     | Identified the +4 dire flail of Infection {crush, *Slow rF+
                  | Dex+3 SInv}
 12091 | D:11     | Noticed a centaur warrior
 12092 | D:11     | Hit by a large rock thrown by a cyclops

Vault maps used:
D:1:      minmay_arrival_plants_in_alcoves
D:2:      first_ration, uniq_terence, uniq_jessica
D:4:      nicolae_gozag_seed_capital, ebering_ghost_sewer_f
D:5:      nicolae_ru_great_annihilating_truth
D:6:      minmay_temple_entry_statues, st_stairs_6, uniq_menkaure
D:7:      cheibrodos_steamvent, grunt_temple_overflow_order_and_chaos_2,
          fedhas_altar_2
D:8:      the_bakery, minmay_misc_feat_secret_circle
D:9:      overflow_temple_1_default, chequers_temple_overflow_minitemple,
          ploomutoo_gammafunk_ghost_potion_laboratory, serial_shops, shop,
          uniq_psyche, uniq_gastronok
D:10:     erik_lair_orcish_takeover
D:11:     minmay_the_grid_triangle_9x9_recursive_3_mashed,
          kennysheep_orc_monster_closet_entryway
Temple:   nicolae_temple_great_sept

Skill      XL: |  1  2  3  4  5  6  7  8  9 10 11 12 |
---------------+-------------------------------------+-----
Axes           | 5 6 7 8 14 15 17 | 17.0
Armour         | 9 |  9.5
Fighting       | 3 6 8 9 |  9.7
Dodging        | 3 4 5 7 8 |  8.0
Throwing       | |  1.7

Action                   |  1- 3 |  4- 6 |  7- 9 | 10-12 || total
-------------------------+-------+-------+-------+-------++-------
Melee: War axe           |    51 |    49 |   114 |   295 ||   509
       Hand axe          |       |   134 |   283 |   184 ||   601
       Battleaxe         |       |       |       |    53 ||    53
  Use: Scroll            |       |     7 |     7 |     8 ||    22
       Potion            |       |     1 |       |    10 ||    11
 Stab: Sleeping          |     1 |       |       |       ||     1
       Invisible         |       |       |     1 |     4 ||     5
       Paralysed         |       |       |     1 |       ||     1
  Eat: Chunk             |       |    10 |    18 |    27 ||    55
Armor: Leather armour    |    24 |     3 |       |       ||    27
       Scale mail        |       |    69 |       |       ||    69
       Chain mail        |       |       |    77 |       ||    77
       Plate armour      |       |       |    46 |       ||    46
       Ice dragon scales |       |       |    42 |   227 ||   269
Dodge: Dodged            |    27 |    83 |    99 |   303 ||   512

Table legend:
 A = Non-vault XP
 B = Vault XP
 C = Vault XP percentage of total XP
 D = Non-vault monster count
 E = Vault monster count
 F = Vault count percentage of total count
                 A         B        C        D         E       F
            +---------+---------+-------+---------+---------+-------
      Total |   13224 |    6601 |  33.3 |     238 |      32 |  11.9
            +---------+---------+-------+---------+---------+-------
        D:1 |      38 |       0 |   0.0 |      19 |       0 |   0.0
        D:2 |      30 |      69 |  69.7 |      10 |       2 |  16.7
        D:3 |      70 |       0 |   0.0 |      24 |       0 |   0.0
        D:4 |     374 |     220 |  37.0 |      16 |       5 |  23.8
        D:5 |     615 |      42 |   6.4 |      21 |       4 |  16.0
        D:6 |     771 |     168 |  17.9 |      20 |       2 |   9.1
        D:7 |    1379 |     364 |  20.9 |      33 |       2 |   5.7
        D:8 |    1015 |     211 |  17.2 |      11 |       1 |   8.3
        D:9 |    1664 |    2637 |  61.3 |      30 |       2 |   6.2
       D:10 |    2498 |     555 |  18.2 |      34 |       7 |  17.1
       D:11 |    4770 |    2335 |  32.9 |      20 |       7 |  25.9
            +---------+---------+-------+---------+---------+-------
